 Dungeon Crawl Stone Soup version 0.25.1-1-g288607f5aa (webtiles) character file.

Game seed: 8829681152627211173

464 Kold the Insei (level 7, -4/43 HPs)
             Began as an Octopode Transmuter on July 24, 2020.
             Slain by an ice beast (12 damage)
             ... on level 5 of the Dungeon.
             The game lasted 00:12:45 (6649 turns).

Kold the Insei (Octopode Transmuter)                Turns: 6649, Time: 00:12:46

Health: -4/43      AC:  1    Str: 10    XL:     7   Next: 7%
Magic:  10/10      EV: 13    Int: 17    God:
Gold:   429        SH:  0    Dex: 14    Spells: 4/10 levels left

rFire    . . .     SeeInvis .     - Unarmed
rCold    . . .     Gourm    .   (no shield)
rNeg     . . .     Faith    .   (helmet restricted)
rPois    .         Spirit   .   h - amulet of magic regeneration
rElec    .         Reflect  .   (no ring)
rCorr    .         Harm     .   (no ring)
MR       .....                  (no ring)
Stlth    ++++......             (no ring)
HPRegen  0.14/turn              (no ring)
MPRegen  0.37/turn              (no ring)
                                (no ring)
                                (no ring)

@: appendage (expiring)
A: almost no armour, stealthy swim, amphibious, 8 rings, constrict 8, tentacle
spike 3, camouflage 2, agile 1, gelatinous body 1
a: End Transformation


You were on level 5 of the Dungeon.
You were not hungry.
One of your tentacles had a temporary spike.
You visited 1 branch of the dungeon, and saw 5 of its levels.
You also visited: Sewer.

You collected 429 gold pieces.

Inventory:

Missiles
 a - 35 arrows
Jewellery
 h - an amulet of magic regeneration (around mantle)
Scrolls
 b - a scroll of enchant armour {unknown}
 e - a scroll of enchant weapon {unknown}
 g - a scroll of remove curse {unknown}
 i - a scroll of identify {unknown}
 j - 3 scrolls of magic mapping
 k - a scroll of noise {unknown}
 l - 4 scrolls of random uselessness {unknown}
 m - 3 scrolls of blinking {unknown}
Potions
 d - a potion of curing {unknown}
Comestibles
 c - 7 rations


   Skills:
 - Level 1.0 Fighting
 - Level 2.0 Dodging
 - Level 2.0 Stealth
 + Level 5.7 Unarmed Combat
 - Level 2.0 Spellcasting
 + Level 5.2 Transmutations
 + Level 0.7 Poison Magic


You had 4 spell levels left.
You knew the following spells:

 Your Spells              Type           Power        Failure   Level  Hunger
a - Beastly Appendage     Tmut           ###...       2%          1    #......
b - Sticks to Snakes      Tmut           ###.....     3%          2    ###....
c - Spider Form           Tmut/Pois      ##........   17%         3    ###....

Your spell library contained the following spells:

 Spells                   Type           Power        Failure   Level  Hunger
 Ice Form                 Ice/Tmut       ##......     54%         4    #####..
 Blade Hands              Tmut           ###.......   54%         5    ######.


Dungeon Overview and Level Annotations

Branches:
Dungeon (5/15)              Sewer (visited)
 Temple: D:4-7

Altars:
Ashenzari
Fedhas
Hepliaklqana
Uskayaw
Xom

Shops:
D:4 [

Annotations:
D:4 1 runed translucent door, ilikeclowns's ghost, amateur MiBe
D:5 Eustachio


Innate Abilities, Weirdness & Mutations

You cannot wear most types of armour.
You are very stealthy in the water. (Stealth+)
You are amphibious.
You can wear up to eight rings at the same time.
You can use your tentacles to constrict eight enemies at once.
Your skin blends seamlessly with your surroundings (Stealth++).
Your rubbery body absorbs attacks. (AC +1, EV +1)
One of your tentacles bears a large vicious spike.
You are agile. (Dex +2)


Message History

Your ball python bites the ice beast.
The ice beast barely misses your ball python.
Your ball python bites the ice beast but does no damage.
You barely miss the ice beast.
You pierce the ice beast.
You squeeze the ice beast, but do no damage.
The ice beast is heavily wounded.
The ice beast hits you but does no damage.
Your ball python barely misses the ice beast.
You completely miss the ice beast.
Your tentacle spike misses the ice beast.
The ice beast is heavily wounded.
The ice beast barely misses you.
Your ball python barely misses the ice beast.
You tentacle-slap the ice beast.
Your tentacle spike misses the ice beast.
The ice beast is severely wounded.
The ice beast hits you.
* * * LOW HITPOINT WARNING * * *
The ice beast freezes you!
You die...

#...# #.### #.#####(#
#+##...# #...$# #.....#
#.##...####..#.#####.#.#...#
#.##.......%...... .........
#...............# #.#......
###...............####
###...#
#..................... #...#
##............Y.....###
#...#
##.............@S†......
#...#
##......................#
#...#
#........................
.....
.........................
.....................$...
.........................
.........................
.........................
..........<....... ......#


You could see an ice beast and a friendly ball python.

Vanquished Creatures
  A crimson imp (D:5)
  A hound (D:4)
  An iguana (D:4)
  2 worker ants (D:4)
  A hound skeleton (D:5)
  A howler monkey zombie (D:5)
  11 adders
  2 oozes
  An adder skeleton (D:4)
  6 worms
  A dart slug (D:1)
  A leopard gecko (D:1)
  3 orcs
  6 giant cockroaches
  16 goblins
  9 hobgoblins
  13 jackals
  17 kobolds
  3 quokkas
  A ball python (D:3)
  10 bats
  6 frilled lizards
  3 rats (D:1)
116 creatures vanquished.

Vanquished Creatures (collateral kills)
  Purgy (Sewer)
1 creature vanquished.

Grand Total: 117 creatures vanquished

Notes
Turn   | Place    | Note
-------+----------+-------------------------------------------
     0 | D:1      | Kold the Octopode Transmuter began the quest for the Orb.
     0 | D:1      | Reached XP level 1. HP: 13/13 MP: 3/3
   188 | D:1      | Reached skill level 1 in Stealth
   200 | D:1      | Reached XP level 2. HP: 18/18 MP: 5/5
   301 | D:1      | Reached XP level 3. HP: 17/23 MP: 6/6
  1560 | D:2      | Reached XP level 4. HP: 28/28 MP: 5/7
  2118 | D:2      | Learned a level 2 spell: Sticks to Snakes
  2122 | D:2      | Learned a level 3 spell: Spider Form
  2364 | D:2      | Reached XP level 5. HP: 33/33 MP: 8/8
  2365 | D:2      | Found a hide-covered altar of Uskayaw.
  2441 | D:2      | Found a shimmering altar of Xom.
  2442 | D:2      | Found a hazy altar of Hepliaklqana.
  2443 | D:2      | Noticed a spectral ugly thing
  3136 | D:3      | Found a glowing drain.
  3167 | D:3      | HP: 1/33 [goblin/+0 dagger (3)]
  3183 | Sewer    | Entered a sewer
  3328 | Sewer    | Noticed Purgy
  3383 | Sewer    | Gained mutation: You are partially covered in iridescent
                  | scales. (AC +2) [potion of mutation]
  3696 | Sewer    | Killed Purgy
  3696 | Sewer    | Reached XP level 6. HP: 10/38 MP: 3/9
  3714 | Sewer    | Lost mutation: You are partially covered in iridescent
                  | scales. (AC +2) [potion of mutation]
  3714 | Sewer    | Gained mutation: Your skin blends seamlessly with your
                  | surroundings (Stealth++). [potion of mutation]
  3714 | Sewer    | Gained mutation: You are agile. (Dex +2) [potion of
                  | mutation]
  3991 | D:3      | Reached skill level 5 in Unarmed Combat
  4687 | D:4      | Found Vecyves's Antique Armour Boutique.
  4766 | D:4      | Found a shattered altar of Ashenzari.
  5535 | D:4      | Found a blossoming altar of Fedhas.
  5539 | D:4      | Reached skill level 5 in Transmutations
  5818 | D:4      | Found a runed translucent door.
  5822 | D:4      | Noticed ilikeclowns's ghost (amateur MiBe)
  6027 | D:5      | Entered Level 5 of the Dungeon
  6197 | D:5      | Reached XP level 7. HP: 32/43 MP: 10/10
  6301 | D:5      | Noticed Eustachio
  6649 | D:5      | Slain by an ice beast

Illustrated notes

Levels and vault maps discovered:
D:1:      arrival_zaba_pyramid, layout_basic
D:2:      layout_loops_corners, regret_index_temple_of_mockery,
          lemuel_round_altar, kennysheep_generic_room_6
D:3:      cheibrodos_greedy_goblins, layout_basic, cheibrodos_sewer_entry_drain
D:4:      layout_loops_ring, nicolae_ashenzari_panopticon, serial_shops,
          shop_coins, ebering_ghost_inner_flame, fedhas_altar_2
D:5:      lemuel_insect_pit, layout_basic, demons_altar, first_ration,
          uniq_crazy_yiuf_cottage, uniq_eustachio

Skill      XL: |  1  2  3  4  5  6 |
---------------+-------------------+-----
Stealth        | 1 2 |  2.0
Transmutations | 3 4 5 |  5.2
Unarmed Combat | 4 5 |  5.7
Fighting       | |  1.0
Dodging        | |  2.0
Spellcasting   | |  2.0
Poison Magic   | |  0.7

Action                   |  1- 3 |  4- 6 |  7- 9 || total
-------------------------+-------+-------+-------++-------
Melee: Unarmed           |    83 |   196 |    29 ||   308
       Constrict         |    20 |    47 |     4 ||    71
       Kick              |    13 |    33 |     2 ||    48
       Tentacles         |     5 |    32 |     7 ||    44
       Punch             |     1 |     6 |     1 ||     8
 Cast: Beastly Appendage |     7 |    29 |     2 ||    38
       Sticks to Snakes  |       |     7 |     7 ||    14
  Use: Potion            |       |     8 |       ||     8
       Scroll            |       |     1 |     2 ||     3
 Stab: Sleeping          |     6 |    18 |       ||    24
  Eat: Chunk             |     1 |    11 |       ||    12
       Ration            |       |     2 |     1 ||     3
Armor: Skin              |     3 |     9 |     2 ||    14
Dodge: Dodged            |    39 |   120 |    17 ||   176
